 Dungeon Crawl Stone Soup version 0.17.1-1-g73c8601 (webtiles) character file.

284 Nakatomy the Chopper (level 6, -8/51 HPs)
             Began as a Minotaur Fighter on Dec 24, 2015.
             Mangled by an orc warrior
             ... wielding a +0 trident
              (10 damage)
             ... on level 6 of the Dungeon.
             The game lasted 00:09:21 (2627 turns).

Nakatomy the Chopper (Minotaur Fighter)             Turns: 2627, Time: 00:09:21

Health: -8/51      AC:  9    Str: 23    XL:     6   Next: 7%
Magic:  5/5        EV:  5    Int:  5    God:
Gold:   170        SH:  9    Dex:  9    Spells: 0 memorised, 5 levels left

rFire  . . .     SeeInvis .     a - +0 war axe
rCold  . . .     Clarity  .     A - +0 chain mail (curse)
rNeg   . . .     SustAt   .     c - +0 shield
rPois  .         Gourm    .     x - +0 hat
rElec  .         Spirit   .     (no cloak)
rCorr  .         Warding  .     (no gloves)
rMut   .         Stasis   .     (no boots)
MR     .....                    (no amulet)
Stlth  ..........               (no ring)
                                o - ring of invisibility

@: not resistant to hostile enchantments, extremely unstealthy
A: retaliatory headbutt, horns 2
a: Evoke Invisibility


You were on level 6 of the Dungeon.
You were hungry.

You visited 1 branch of the dungeon, and saw 6 of its levels.

You collected 170 gold pieces.

Inventory:

Hand Weapons
 a - a +0 war axe (weapon)
Armour
 c - a +0 shield (worn)
 x - a +0 hat (worn)
 A - a cursed +0 chain mail (worn)
Jewellery
 o - a ring of invisibility (left hand)
Scrolls
 h - 2 scrolls of immolation {unknown}
 i - a scroll of magic mapping {unknown}
 j - 2 scrolls of enchant armour {unknown}
 k - 2 scrolls of teleportation {unknown}
 m - 3 scrolls of identify {unknown}
 p - a scroll of enchant weapon {unknown}
 r - 2 scrolls of remove curse {unknown}
 s - a scroll of noise {unknown}
 t - a scroll of blinking {unknown}
 u - a scroll of amnesia {unknown}
Potions
 d - a potion of might
 f - 4 potions of curing {unknown}
 l - a potion of invisibility {unknown}
 q - a potion of degeneration {unknown}
 v - 2 potions of agility {unknown}
 z - a potion of heal wounds {unknown}
Books
 y - a book of Enchantments

   Spells                             Type                      Level
   a - Cause Fear                     Hexes                        4
   b - Silence                        Hexes/Air                    5
   c - Deflect Missiles               Charms/Air                   6
   d - Haste                          Charms                       6
   e - Discord                        Hexes                        8
Comestibles
 e - 3 bread rations
 g - a meat ration
 n - a royal jelly


   Skills:
 - Level 3.6 Fighting
 + Level 7.7 Axes
 - Level 3.7 Armour
 - Level 3.6 Shields


You had 5 spell levels left.
You didn't know any spells.

Dungeon Overview and Level Annotations

Branches:
Dungeon (7/15)
 Temple: D:4-7

Altars:

Annotations:
D:6 Sigmund


Innate Abilities, Weirdness & Mutations

You reflexively headbutt those who attack you in melee.
You have a pair of horns on your head.


Message History

The orc warrior is moderately wounded.
You slash the orc!
You kill the orc!
You block the orc warrior's attack.
You hit the orc warrior. Your headbutt misses the orc warrior.
The orc warrior is moderately wounded.
The orc warrior hits you with a trident!!
* * * LOW HITPOINT WARNING * * *
You are too injured to fight recklessly!
You are too injured to fight recklessly!
You slash the orc warrior!
The orc warrior is heavily wounded.
The orc warrior hits you but does no damage.
You hit the orc warrior.
The orc warrior is severely wounded.
You block the orc warrior's attack.
You hit the orc warrior.
The orc warrior is almost dead.
The orc warrior hits you with a trident!
You die...

....# ....# #.#..
.. ....# #.#....
....+ #...#.
....### ....
..?...##### #..#
###.......# #
#..# #.#.###.#
#.##o.###.# #.#.#
#.[@†>....# #.#.#
...$..######.....
..#.#.# ##... ...
..#.#.# #.. .
#.#.#.# #.
..#.#.# #
..#.#.########
.##.......@..#
......######.#


You could see an orc warrior.

Vanquished Creatures
  2 orc priests (D:7)
  A hound (D:6)
  3 orc wizards (D:7)
  4 adders
  A gnoll (D:1)
  An ooze (D:2)
  An adder skeleton (D:4)
  6 orcs
  9 bats
  4 giant cockroaches
  6 hobgoblins
  11 jackals
  11 kobolds
  A giant gecko skeleton (D:4)
  3 giant newts
  5 goblins
  A quokka (D:2)
  4 rats
74 creatures vanquished.

Notes
Turn   | Place    | Note
--------------------------------------------------------------
     0 | D:1      | Nakatomy the Minotaur Fighter began the quest for the Orb.
     0 | D:1      | Reached XP level 1. HP: 19/19 MP: 0/0
    74 | D:1      | Reached XP level 2. HP: 26/26 MP: 1/1
   358 | D:1      | Reached skill level 4 in Axes
   865 | D:2      | Reached XP level 3. HP: 31/31 MP: 2/2
  1343 | D:3      | Reached skill level 5 in Axes
  1352 | D:2      | Reached XP level 4. HP: 30/39 MP: 3/3
  2006 | D:4      | You fall through a shaft for 2 floors!
  2006 | D:6      | Noticed Sigmund
  2114 | D:7      | Reached skill level 6 in Axes
  2127 | D:7      | Reached XP level 5. HP: 19/45 MP: 4/4
  2447 | D:6      | Noticed a sky beast
  2466 | D:7      | Reached skill level 7 in Axes
  2606 | D:6      | Noticed an orc warrior
  2614 | D:6      | Reached XP level 6. HP: 37/51 MP: 5/5
  2624 | D:6      | HP: 2/51 [orc warrior/trident (21)]
  2627 | D:6      | Mangled by an orc warrior

Action                   |  1- 3 |  4- 6 || total
-------------------------+-------+-------++-------
Melee: War axe           |   103 |   118 ||   221
  Eat: Chunk             |     2 |     3 ||     5
